[Event "3rd Sunway Formentera-A 2024"]
[Site "Formentera"]
[Date "2024.04.09"]
[Round "1.13"]
[White "Torres Samper, Rafael"]
[Black "Mandzhieva, Altana"]
[Result "0-1"]
[ECO "C14"]
[WhiteElo "1918"]
[BlackElo "1742"]
[Annotator "RC"]
[PlyCount "44"]
[EventDate "2024.04.03"]
[EventType "swiss"]
[EventCountry "ESP"]
[SourceTitle "playchess.com"]
[Source "ChessBase"]
[SourceQuality "1"]
[TimeControl "40/5400+30:1800+30"]

1. d4 e6 2. e4 d5 3. Nc3 Nf6 4. Bg5 Be7 5. e5 Nfd7 6. h4 c5 7. Bxe7 Qxe7 8. f4 Nc6 9. Nf3 cxd4 10. Nb5 Qb4+ 11. Qd2 O-O 12. c3 dxc3 13. bxc3 Qe4+ 14. Kf2 Nc5 15. Nd6 Qg6 16. h5 Qh6 17. g4 g6 18. Bd3 Nxd3+ 19. Qxd3 Qxf4 20. Rae1 g5 21. h6 f6 22. Rh5 Nxe5 0-1

[Event "3rd Sunway Formentera-A 2024"]
[Site "Formentera"]
[Date "2024.04.10"]
[Round "2.1"]
[White "Jacobson, Aaron"]
[Black "Donchenko, Alexander"]
[Result "0-1"]
[ECO "B19"]
[WhiteElo "2431"]
[BlackElo "2633"]
[Annotator "TA"]
[PlyCount "96"]
[EventDate "2024.04.03"]
[EventType "swiss"]
[EventCountry "ESP"]
[SourceTitle "playchess.com"]
[Source "ChessBase"]
[SourceQuality "1"]
[TimeControl "40/5400+30:1800+30"]

1. e4 c6 2. d4 d5 3. Nc3 dxe4 4. Nxe4 Bf5 5. Ng3 Bg6 6. h4 h6 7. Nf3 Nd7 8. h5 Bh7 9. Bd3 Bxd3 10. Qxd3 e6 11. Bd2 Ngf6 12. O-O-O Be7 13. Ne4 Rc8 14. Nxf6+ Nxf6 15. Ne5 Qd5 {[%emt 0:06:05] White is slightly better.} 16. Kb1 O-O 17. g4 {[%emt 0:00:00] g5 is the strong threat.} Bd6 18. c4 Qe4 19. Qxe4 Nxe4 20. Be3 Rfd8 21. f3 Ng5 22. f4 Ne4 23. Rhe1 b5 24. cxb5 cxb5 25. d5 exd5 26. Rxd5 Nf6 27. Rxb5 a6 28. Rb7 Bxe5 29. fxe5 Nxg4 30. Bc1 Nxe5 $1 31. Rg1 {[%emt 0:00:46] Black continues to play with concentration.} ({White should play} 31. Rxe5 $15 Rd1 32. a4 Rcxc1+ 33. Ka2) 31... Rc6 $17 32. b4 (32. Rf1 $142) 32... Nd3 $1 33. Be3 Rd5 $1 34. Rh1 {[%emt 0:00:32] [#]} (34. Rb8+ $17 Kh7 35. Rb7) 34... Re5 $1 $19 35. Bd4 {[%emt 0:00:23] [#]} Rxh5 36. Rd1 (36. Rb8+ Kh7 37. Rd1 Rh3) 36... Rh3 37. a3 Rg3 38. Rd7 Nf4 39. Rf1 Ne6 40. Bb2 f6 41. Bxf6 gxf6 42. Rxf6 Rg7 (42... Rxa3 43. Rg6+ Kf8 44. Rxh6 $19) 43. Rd5 Kh7 44. a4 {[%emt 0:00:41] [#]} Nd4 $1 {[%emt 0:01:35][%mdl 512] ( -> ...Rg1+)} 45. Rxc6 Nxc6 46. b5 axb5 47. axb5 (47. Rxb5 $142 Ra7 48. Rd5) 47... Rb7 48. Kc2 Nb4+ {[%emt 0:00:05] Weighted Error Value: White=0.51/Black=0.10 (very precise) .  Mistake:       	White=4     	---        Inaccurate:     	White=5     	---        OK:         	White=10    	Black=13     Best:        	White=3     	Black=1      Strong:       	---       	Black=2      Brilliant:      	---       	Black=1} 0-1

[Event "3rd Sunway Formentera-A 2024"]
[Site "Formentera"]
[Date "2024.04.10"]
[Round "2.2"]
[White "Vantika Agrawal"]
[Black "Moussard, Jules"]
[Result "0-1"]
[ECO "E15"]
[WhiteElo "2398"]
[BlackElo "2610"]
[Annotator "TA"]
[PlyCount "138"]
[EventDate "2024.04.03"]
[EventType "swiss"]
[EventCountry "ESP"]
[SourceTitle "playchess.com"]
[Source "ChessBase"]
[SourceQuality "1"]
[TimeControl "40/5400+30:1800+30"]

1. d4 Nf6 2. c4 e6 3. Nf3 b6 4. g3 Ba6 5. b3 Bb4+ 6. Bd2 Be7 7. Bg2 d5 8. cxd5 exd5 9. O-O O-O 10. Nc3 Re8 11. Ne5 {[%emt 0:00:41] E15: Queen's Indian: 4 g3 sidelines, 4 g3 Ba6 and 4 g3 Bb7 early deviations.} Bb7 12. Rc1 Nbd7 13. Rc2 h6 14. Bf4 Nf8 15. Bc1 Ne6 16. Bb2 Bf8 17. e3 c6 18. h4 $146 ({Predecessor:} 18. Ne2 Rc8 19. Qd3 c5 20. Rfc1 Bd6 21. Qd1 Qe7 22. Nf3 Ne4 23. Nc3 Nxc3 24. Rxc3 Red8 25. R3c2 Qe8 26. h4 a5 27. a4 Bc6 28. Rc3 {½-½ Ruggeri Laderchi,G (2438)-Shulman,B (2433) SCO MT-Pyrich S02 email 2018}) 18... Rc8 19. Ne2 Rc7 20. Nf4 Nxf4 21. exf4 c5 22. Re1 Qc8 23. Bf3 c4 24. Re3 b5 25. a4 a6 26. Qb1 Bb4 (26... bxa4 $15 27. bxa4 Ba8) 27. axb5 $11 axb5 28. Ba1 (28. Bc1 $11) 28... Bf8 29. Bb2 Qa8 30. Kh2 (30. Qd1 $15) 30... Rec8 31. g4 Ne4 (31... cxb3 $17 32. Rxc7 Rxc7 33. Rxb3 Ne4 34. Rxb5 Qa4 35. Bxe4 Qxb5 36. Bh7+ Kh8) 32. Bxe4 dxe4 33. bxc4 {[%emt 0:00:11] [#]} bxc4 (33... f6 $1 $17 34. Ng6 Rxc4 (34... bxc4 35. Bc3 $15) 35. Rxc4 Rxc4) 34. Bc3 Bd5 35. Ra2 Ra7 36. Rxa7 Qxa7 37. Qb5 Qa8 (37... Qb7 {simplifies} 38. Qxb7 Bxb7 39. Kg3 f6) 38. g5 (38. Nd7 {simplifies} Rd8 39. Nxf8 Rxf8 40. g5) 38... Rb8 39. Qd7 Be6 40. Qc6 (40. Qc7 $15) 40... Qxc6 $17 41. Nxc6 Rb3 42. gxh6 (42. Na5 $17 {was called for.} Rb1 43. Rxe4) 42... Bd6 $19 ({But not} 42... gxh6 43. Kg3) 43. Kg3 gxh6 44. d5 Bxd5 45. Nd4 Rb1 46. Re1 Rxe1 47. Bxe1 Kh7 48. h5 Be6 49. Bc3 Bd7 50. Nc2 f5 51. Ne3 Be6 52. Nc2 (52. Ba5 $17) 52... Bc5 53. Nd4 Bd7 54. Kh4 $2 (54. Nc2 $17 {might work better.}) 54... Be7+ $19 55. Kg3 Bf6 56. Ne2 $2 (56. f3 exf3 57. Kxf3) 56... Bxc3 $19 57. Nxc3 Be8 58. Kh4 Kg7 59. Nd5 Bf7 60. Nc3 Kf6 61. Ne2 Ke7 62. Nd4 Be6 63. Nb5 Bd7 64. Nc3 Kd6 65. f3 e3 66. Kg3 Kc5 67. Ne2 Kb4 68. Kg2 c3 69. Nc1 Bb5 0-1

[Event "3rd Sunway Formentera-A 2024"]
[Site "Formentera"]
[Date "2024.04.10"]
[Round "2.3"]
[White "Song, Yuxin"]
[Black "Dragnev, Valentin"]
[Result "1/2-1/2"]
[ECO "C70"]
[WhiteElo "2379"]
[BlackElo "2571"]
[Annotator "TA"]
[PlyCount "130"]
[EventDate "2024.04.03"]
[EventType "swiss"]
[EventCountry "ESP"]
[SourceTitle "playchess.com"]
[Source "ChessBase"]
[SourceQuality "1"]
[TimeControl "40/5400+30:1800+30"]

1. e4 e5 2. Nf3 Nc6 3. Bb5 a6 4. Ba4 Bc5 5. c3 Nge7 6. d4 {[%emt 0:00:53] C70: Ruy Lopez: 3...a6 4 Ba4, Norwegian and Delayed Schliemann.} exd4 7. cxd4 Bb4+ 8. Bd2 Bxd2+ 9. Qxd2 d5 10. exd5 Qxd5 11. O-O Qd6 12. Nc3 O-O 13. Bxc6 $146 ({Predecessor:} 13. Ne4 Qb4 14. Qxb4 Nxb4 15. a3 Nbd5 16. Rac1 Rd8 17. Rfe1 c6 18. h3 Kf8 19. Nc5 {0-1 Giri,A (2768)-Praggnanandhaa,R (2691) Chessable Masters Play In rapid 2023 (6)}) 13... Nxc6 14. d5 Ne7 15. Rfe1 Bf5 16. h3 Rad8 17. Rad1 h6 18. Qd4 Rfe8 19. Re3 Ng6 20. Nh4 Nxh4 21. Rxe8+ Rxe8 22. Qxh4 Re5 23. Qg3 Bd7 24. a3 Qf6 25. Kf1 a5 26. Qd3 Qf4 27. Kg1 h5 28. Qd2 Qf6 29. Re1 Rxe1+ 30. Qxe1 c6 31. Qd2 Qe5 32. dxc6 Bxc6 33. h4 Qf6 34. Nd1 Qxh4 35. Qxa5 Qd4 36. Qe1 h4 37. Qe2 $1 Qf6 38. Ne3 Qe5 39. Qg4 Qf6 (39... g6 {with more complications.} 40. Qxh4 Qxb2 41. Ng4 Qc1+) 40. Nf5 g6 (40... Bd7 $5 41. Nh6+ $8 Qxh6 42. Qxd7 Qc1+ 43. Kh2 Qxb2 $11) 41. Nxh4 Qxb2 42. Qg3 Kf8 43. Kh2 Qd4 44. Nf3 Qh8+ 45. Nh4 Qd4 46. Nf3 Qh8+ 47. Nh4 Ke7 48. f4 Qh5 49. Qe3+ Kd8 50. Kg3 Kd7 51. Qc3 Qd1 52. Kf2 Bd5 53. Nf3 Qb3 54. Ne5+ Kd6 55. Qxb3 Bxb3 56. Ke3 Kc5 57. Kd3 Be6 58. g4 Kd5 59. g5 Kc5 60. Kc3 Kb5 61. Nd3 b6 62. Nb2 Kc5 63. Na4+ Kb5 64. Nb2 Kc5 65. Na4+ Kb5 1/2-1/2

[Event "3rd Sunway Formentera-A 2024"]
[Site "Formentera"]
[Date "2024.04.10"]
[Round "2.4"]
[White "Sosa, Tomas"]
[Black "Adarsh Tripathi"]
[Result "1/2-1/2"]
[ECO "B40"]
[WhiteElo "2562"]
[BlackElo "2304"]
[Annotator "TA"]
[PlyCount "175"]
[EventDate "2024.04.03"]
[EventType "swiss"]
[EventCountry "ESP"]
[SourceTitle "playchess.com"]
[Source "ChessBase"]
[SourceQuality "1"]
[TimeControl "40/5400+30:1800+30"]

1. e4 c5 2. Nf3 e6 3. c3 d5 4. e5 d4 5. Na3 Nc6 6. Bb5 Bd7 7. O-O a6 8. Bd3 Nge7 9. Re1 Ng6 10. g3 Qc7 11. Qe2 b5 12. b3 Be7 13. Nc2 O-O (13... dxc3 $1 $11 14. dxc3 O-O) 14. cxd4 $16 cxd4 15. Ncxd4 Bc5 16. Nxc6 Bxc6 17. Be4 Rfd8 18. Bb2 Rac8 19. Rec1 Bxe4 20. Qxe4 {[%emt 0:00:17] aiming for d4.} Qe7 21. Kg2 Qd7 22. d4 Bb6 23. Rxc8 Rxc8 24. Rc1 Ne7 25. Rxc8+ Qxc8 26. Ng5 Nf5 27. g4 {[%emt 0:01:57] White is more active.} Qd8 28. Qf4 (28. Kf1 $16) 28... h6 $1 $11 29. Nf3 (29. gxf5 {is more complex.} hxg5 30. Qg4 exf5 31. Qxf5 Bxd4 32. e6) 29... Ne7 30. Qe4 Qd5 (30... Qc8 $11) 31. Qxd5 $16 Nxd5 {[%emt 0:00:04][%mdl 4096] Endgame. KBN-KBN} 32. Kf1 Kh7 33. Bc1 Kg6 34. Bd2 h5 35. h3 hxg4 36. hxg4 f6 37. Ke2 Bd8 38. exf6 gxf6 39. Kd3 Kf7 40. Ke4 Bc7 41. Nh4 Bd8 (41... Bd6 $16) 42. Ng2 (42. Nf5 $1 $18 {is the precise move to win.}) 42... Bc7 (42... f5+ $16 43. gxf5 Nf6+ 44. Kf3 exf5) 43. Ne3 $1 $18 Nf4 44. a4 Nh3 (44... bxa4 $142 45. bxa4 Nh3) 45. axb5 axb5 46. Nd1 Kg6 47. f4 (47. d5 $18 exd5+ 48. Kxd5) 47... f5+ $14 48. Kf3 Ng1+ 49. Kf2 Nh3+ 50. Kg3 Ng5 51. Nf2 Nh7 52. Kf3 Nf6 53. g5 Nd5 54. Nd3 Kf7 55. Kg3 Bb6 56. Ne5+ Ke7 (56... Ke8 $142) 57. Kh4 $1 $16 Ke8 $2 (57... Kf8 $16) 58. Nf3 $2 (58. Kh5 $18 {and the rest is easy.}) 58... Kf7 59. Ne5+ (59. Kg3 $16) 59... Kg7 (59... Ke8 $1 $11) 60. Nc6 $1 Kg6 61. Kg3 Kf7 62. Ba5 Bxa5 63. Nxa5 {[%emt 0:00:01] KN-KN} Nb4 64. Kf3 (64. Nb7 $16) 64... Ke7 (64... Kg6 $11 {keeps the balance.}) 65. Kf2 $1 Nd3+ 66. Kg3 Nb4 {[%emt 0:00:27] Repels Nc6+} 67. Kh4 (67. Nb7 $16) 67... Nd5 $11 68. Kg3 (68. Nc6+ $11 Kf7 (68... Kd6 69. Na7 $16) 69. Kg3) 68... Nb4 $1 $16 69. Kh4 (69. Nb7 $16) 69... Nd5 $11 70. Kh5 {[%emt 0:02:29] And now Kh6 would win.} Nxf4+ 71. Kh6 Kd6 {[%emt 0:00:15] Prevents Nc6.} 72. Nb7+ Kd5 73. Kg7 (73. g6 $2 Nxg6 74. Kxg6 f4 $19) (73. Nc5 $11 Kxd4 74. b4) 73... Kxd4 ({Black should play} 73... Ng2 $1 $17 74. Kf6 Nh4) 74. Kf6 $2 (74. Nd6 $11) 74... Kd5 $19 {[%emt 0:00:22] Threatens to win with ...Nh5+.} 75. b4 Nh3 $2 ({Black should try} 75... Nh5+ $19 76. Kg6 Ng3) 76. Nc5 (76. g6 $5 Nf4 $8 77. Nc5 $11 (77. g7 $2 Nh5+ 78. Ke7 Nxg7 $19)) 76... Nf4 77. Nb3 $2 (77. Nb7 $11) 77... Nh5+ 78. Kg6 {[%emt 0:00:12] [#]} Ng3 $1 {[%emt 0:00:46] White must now prevent ...f4.} 79. Kh6 f4 {[%emt 0:00:06] ...f3 would now be deadly.} 80. Nd2 {[%emt 0:00:42] [#]} e5 ({Better is} 80... Ke5 $1 $17 {[%cal Re5f5] ...Kf5 is the strong threat.} 81. Kh7 Kf5) 81. g6 $11 {[%emt 0:00:04] The position is equal.} Ke6 82. Kg5 Nf5 83. Ne4 {[%emt 0:00:16] Threatening mate with Nc5+.} Ne7 84. Nd2 Nf5 85. Ne4 {[%emt 0:00:05] White threatens Nc5+ and mate.} Ng7 86. Nd2 Ne8 87. Ne4 Ng7 88. Nd2 {[%emt 0:00:05] Both players deserved the win here.   Weighted Error Value: White=0.22 (precise) /Black=0.21 (precise) .  Loses game:     	White=2     	Black=1      Missed win:     	White=1     	---        Mistake:       	White=9     	Black=10     Inaccurate:     	White=3     	Black=5      OK:         	White=33    	Black=25     Best:        	White=8     	Black=7      Strong:       	White=3     	Black=3} 1/2-1/2

[Event "3rd Sunway Formentera-A 2024"]
[Site "Formentera"]
[Date "2024.04.10"]
[Round "2.5"]
[White "Tokhirjonova, Gulrukhbegim"]
[Black "Raja Rithvik R"]
[Result "1/2-1/2"]
[ECO "E04"]
[WhiteElo "2357"]
[BlackElo "2532"]
[Annotator "TA"]
[PlyCount "70"]
[EventDate "2024.04.03"]
[EventType "swiss"]
[EventCountry "ESP"]
[SourceTitle "playchess.com"]
[Source "ChessBase"]
[SourceQuality "1"]
[TimeControl "40/5400+30:1800+30"]

1. Nf3 d5 2. g3 c5 3. Bg2 Nc6 4. d4 Nf6 5. O-O e6 6. c4 dxc4 7. dxc5 Qxd1 8. Rxd1 Bxc5 9. Nbd2 c3 10. bxc3 O-O 11. Nb3 Be7 12. Nfd4 Bd7 13. Nxc6 Bxc6 14. Bxc6 bxc6 15. c4 a5 16. Be3 a4 17. Nd4 Rfc8 18. f3 Ne8 19. Nc2 Kf8 20. Ne1 Nd6 21. Rac1 a3 22. Nd3 Ra4 23. Bc5 {[%emt 0:10:32] Black should prevent Ne5.} Ke8 (23... Nxc4 $2 {too greedy.} 24. Bxe7+ Kxe7 25. Nc5 $18) 24. Ne5 {[%emt 0:16:59] [#]} (24. Kf2 $11 {is superior.}) 24... Nxc4 $1 $15 25. Rxc4 (25. Nxc4 Bxc5+) 25... Rxc4 26. Bxe7 Rc2 27. Bxa3 Ra8 28. Bd6 Rd8 29. Kf1 f6 $1 30. Ng4 Rxa2 31. Nf2 Rc2 32. Ke1 Ra8 33. Ne4 {[%emt 0:03:01] The position is equal.} Raa2 34. Rd2 ({Don't play} 34. Nd2 c5 35. Bf4 c4 $17) 34... Rc1+ 35. Kf2 Rxd2 {[%emt 0:01:43] Weighted Error Value: White=0.07 (flawless) /Black=0.08 (flawless) .  Mistake:       	White=1     	---        Inaccurate:     	---       	Black=2      OK:         	White=11    	Black=8      Strong:       	---       	Black=1} 1/2-1/2

[Event "3rd Sunway Formentera-A 2024"]
[Site "Formentera"]
[Date "2024.04.10"]
[Round "2.6"]
[White "Baklan, Vladimir"]
[Black "Doluhanova, Evgeniya"]
[Result "1-0"]
[ECO "C48"]
[WhiteElo "2531"]
[BlackElo "2273"]
[Annotator "TA"]
[PlyCount "65"]
[EventDate "2024.04.03"]
[EventType "swiss"]
[EventCountry "ESP"]
[SourceTitle "playchess.com"]
[Source "ChessBase"]
[SourceQuality "1"]
[TimeControl "40/5400+30:1800+30"]

1. e4 e5 2. Nf3 Nc6 3. Bb5 Nf6 4. d3 Bc5 5. Bxc6 dxc6 6. Nc3 (6. Nxe5 $2 Qd4 7. Be3 Qxe5 $19) 6... Bd6 7. Ne2 h6 8. Ng3 Be6 {[%emt 0:03:14] The position is equal.} 9. O-O Qe7 10. b3 O-O-O 11. Bb2 h5 12. Re1 (12. Bxe5 Bxe5 13. Nxe5 h4 $17) (12. Nxe5 h4 13. Ne2 Nxe4 $15) 12... Ng4 (12... Nd7 $11) 13. h3 $1 $16 Qf6 14. Qd2 h4 15. Nf1 Nh6 16. Qe3 c5 17. N1d2 Ng8 {[%emt 0:07:46] [#]} ({Black should play} 17... Kb8) 18. b4 $1 cxb4 (18... b6 19. bxc5) 19. Qxa7 Ne7 20. Qa8+ Kd7 21. Qxb7 Nc6 {[%emt 0:00:37] Threatens to win with ...Rb8.} 22. d4 $1 Rb8 {[%emt 0:03:08] [#]} (22... Qg6 $16 23. Kh1 (23. Nxe5+ Bxe5 24. Nf3 Bd6 $17) (23. dxe5 $2 Bxh3 24. g3 Rb8 $19) 23... Rb8) 23. Qa6 $1 $18 {[%emt 0:00:14] aiming for d5.} exd4 {[%emt 0:06:02] [#]} 24. e5 $1 Nxe5 25. Bxd4 (25. Nxd4 Bd5 26. Qa5 c5 $11) 25... Nxf3+ 26. Nxf3 Qf4 {[%emt 0:00:53] [#]} (26... Qg6 $142 27. Ne5+ Bxe5 28. Rxe5 (28. Bxe5 Bd5 $16) 28... Rh5) 27. Rad1 $1 {[%emt 0:02:50][%cal Od4e5] Be5! is the strong threat.} (27. Bxg7 $2 {too greedy.} Rhg8 28. Rad1 (28. Ne5+ $2 Bxe5 29. Rxe5 Rxg7 $19) 28... Rxg7 $19) 27... Ke7 (27... Ra8 $142 28. Qb5+ Kc8) 28. Be5 ({Less strong is} 28. Bxg7 Rbg8 $18) 28... Bxe5 29. Nxe5 Rb6 30. Qa5 Rc8 31. Qc5+ Ke8 32. Nc6 Qf6 {[%emt 0:00:22] Against Qe7+} (32... Rxc6 $142 33. Qxc6+ Kf8) 33. Rd3 {[%emt 0:00:27] Weighted Error Value: White=0.26 (precise) /Black=0.50.  Mistake:       	---       	Black=6      Inaccurate:     	White=2     	Black=2      OK:         	White=7     	Black=10     Best:        	White=2     	Black=1      Strong:       	White=4     	---        Brilliant:      	White=1     	---} 1-0

[Event "3rd Sunway Formentera-A 2024"]
[Site "Formentera"]
[Date "2024.04.10"]
[Round "2.7"]
[White "Schulman, Julia"]
[Black "Fernandez Guillen, Ernesto J."]
[Result "0-1"]
[ECO "B28"]
[WhiteElo "1732"]
[BlackElo "2474"]
[Annotator "TA"]
[PlyCount "56"]
[EventDate "2024.04.03"]
[EventType "swiss"]
[EventCountry "ESP"]
[SourceTitle "playchess.com"]
[Source "ChessBase"]
[SourceQuality "1"]
[TimeControl "40/5400+30:1800+30"]

1. e4 c5 2. Nf3 a6 3. c3 g6 4. d4 cxd4 5. cxd4 Bg7 6. Nc3 d6 7. Be3 Nf6 8. h3 {[%emt 0:03:35] White is slightly better.} O-O 9. Be2 b5 10. a3 Bb7 11. Bd3 Nbd7 12. O-O Rc8 13. Qd2 Nb6 14. Bh6 d5 15. Bxg7 Kxg7 16. e5 Ne4 17. Bxe4 ({White should try} 17. Qe1 $15) 17... dxe4 $19 18. Nh2 Nc4 19. Qf4 Nxb2 ({Don't play} 19... Qxd4 20. Nf3 Qb6 (20... exf3 $2 {loses.} 21. Qxd4 fxg2 22. Rfd1 $18) 21. Nxe4 $19) 20. Ne2 Nd3 {[%emt 0:10:34] White is weak on the light squares} 21. Qe3 f5 {[%emt 0:01:22] Prevents Ng4. Threatens to win with ...f4.} 22. f4 $2 (22. exf6+ exf6 23. Nf4 Nxf4 24. Qxf4) 22... Rc2 {[%emt 0:09:13] Black is clearly winning.} 23. Nc1 Nb2 {[%emt 0:02:49] [#] ...Nc4 would now be deadly.} 24. Nb3 Qd5 {[%emt 0:00:19] ...Rfc8 is the strong threat.} 25. Rfc1 (25. Nc5 $142 Rc8 26. Kh1) 25... Rfc8 26. Rxc2 Rxc2 27. Nf1 Nc4 28. Qg3 {[%emt 0:00:41] [#]} e3 $1 {[%emt 0:00:28][%mdl 512] Weighted Error Value: White=0.89/Black=0.08 (flawless) .  Mistake:       	White=3     	---        Inaccurate:     	White=2     	---        OK:         	White=4     	Black=12     Best:        	---       	Black=2} 0-1

[Event "3rd Sunway Formentera-A 2024"]
[Site "Formentera"]
[Date "2024.04.10"]
[Round "2.8"]
[White "Ivanchuk, Vasyl"]
[Black "Joel Paul Ganta"]
[Result "1-0"]
[ECO "C45"]
[WhiteElo "2611"]
[BlackElo "1969"]
[Annotator "TA"]
[PlyCount "85"]
[EventDate "2024.04.03"]
[EventType "swiss"]
[EventCountry "ESP"]
[SourceTitle "playchess.com"]
[Source "ChessBase"]
[SourceQuality "1"]
[TimeControl "40/5400+30:1800+30"]

1. e4 e5 2. Nf3 Nc6 3. d4 exd4 4. Nxd4 Nf6 5. Nxc6 bxc6 6. e5 Qe7 7. Qe2 Nd5 8. c4 Nb6 9. Nd2 Ba6 10. b3 Qe6 11. Bb2 Bb4 12. a3 {[%emt 0:04:50] White is better.} Be7 13. g3 Rb8 14. O-O-O O-O 15. Qh5 c5 (15... g6 $14 16. Qh6 f5) 16. Bd3 g6 17. Qe2 d5 18. exd6 Qxe2 19. Bxe2 cxd6 20. Rhe1 Bb7 {[%emt 0:11:00] Against Ne4} 21. Bf3 Bxf3 22. Nxf3 Rfe8 23. Kc2 Bf8 24. Ng5 Rxe1 25. Rxe1 d5 {[%emt 0:00:02] Black is on the road to losing.} (25... f5 $14) 26. cxd5 $16 {[%emt 0:00:20] White has more active pieces.} Nxd5 {[%emt 0:02:09][%cal Oc5c4] [#]} 27. Rd1 $1 Rd8 {[%emt 0:06:39] [#]} 28. Bf6 $1 Rd7 29. Ne4 Nb6 30. Rxd7 Nxd7 $18 {[%emt 0:00:03][%mdl 4096] Endgame. KBN-KBN} 31. Kc3 Nb6 (31... Bh6 $142 32. Kc4 Bf8) 32. a4 h6 (32... Bh6 $142 33. Be5 (33. Nxc5 Nd5+ 34. Kc4 Nxf6 $19) 33... f5) 33. a5 Nd7 34. Kc4 {[%emt 0:00:03] White is clearly winning.} g5 35. Kb5 {[%emt 0:01:24] aiming for Kc6.} Nb8 (35... Kh7 $142 36. Ka6 Kg6) 36. Bc3 f5 37. Nxc5 {[%emt 0:00:11] And now Be5 would win.} Kf7 38. Be5 {[%emt 0:00:26] Prevents Bd6} a6+ 39. Nxa6 Nxa6 40. Kxa6 {[%emt 0:00:00] Strongly threatening Kb7.} Bc5 41. f3 g4 42. fxg4 fxg4 43. Kb7 {[%emt 0:00:08] Weighted Error Value: White=0.13 (very precise) /Black=0.39.  Mistake:       	---       	Black=5      Inaccurate:     	White=2     	Black=2      OK:         	White=13    	Black=9      Best:        	White=3     	Black=1      Strong:       	White=2     	---} 1-0

[Event "3rd Sunway Formentera-A 2024"]
[Site "Formentera"]
[Date "2024.04.10"]
[Round "2.9"]
[White "Botez, Alexandra"]
[Black "Akshit Kumar J"]
[Result "0-1"]
[ECO "D13"]
[WhiteElo "1970"]
[BlackElo "2172"]
[Annotator "TA"]
[PlyCount "108"]
[EventDate "2024.04.03"]
[EventType "swiss"]
[EventCountry "ESP"]
[SourceTitle "playchess.com"]
[Source "ChessBase"]
[SourceQuality "1"]
[TimeControl "40/5400+30:1800+30"]

1. d4 d5 2. c4 c6 3. cxd5 cxd5 4. Nc3 Nf6 5. Bf4 Nc6 6. e3 a6 7. Be2 Bf5 8. Nf3 e6 9. Qb3 Nh5 10. Be5 f6 11. Bg3 {[%emt 0:12:51] White is slightly better.} (11. Nh4 {with more complications.} Bg6 12. Qxb7 Na5 13. Bc7) 11... Nxg3 12. hxg3 {[%emt 0:00:09][%cal Of3h4] next Nh4! is good for White.} Na5 13. Qd1 Qb6 14. O-O (14. Nh4 $1 $14 {stays ahead.} Qxb2 15. Na4 (15. Nxd5 Bc2 $15) 15... Qb4+ 16. Kf1) 14... Qxb2 $17 15. Na4 Qc2 {[%emt 0:08:32] Black has more active pieces.} 16. Nb6 Qxd1 17. Rfxd1 Rd8 {[%emt 0:00:27] aiming for ...Rd6.} 18. Rdc1 g5 {[%emt 0:01:20] Prevents Nh4.} 19. Ne1 Ba3 20. Bh5+ Ke7 21. Rc7+ Kd6 22. Rf7 Kc6 ({Better is} 22... g4 $17 23. Rxf6 Rhf8) 23. g4 $1 $15 Be4 (23... Kxb6 24. gxf5 exf5 25. Rxf6+ Ka7 26. Rxf5 $16) 24. Na4 ({White should play} 24. f3 $1 $15) 24... Rhf8 $17 25. f3 (25. Rg7 $17) 25... Bg6 26. Bxg6 hxg6 27. Rg7 Rg8 28. Rf7 Rdf8 29. Rh7 b5 30. Nc2 {[%emt 0:03:57] [#]} Bd6 31. Nb2 Kb6 32. Nd3 Rc8 33. Nce1 Nc4 34. Kf2 f5 35. gxf5 gxf5 36. a4 $2 {[%emt 0:05:29] [#] This move loses the game for White.} (36. Rh6 $17) 36... b4 $19 37. Nc5 Bxc5 38. dxc5+ Kxc5 ({Don't play} 38... Rxc5 39. Nd3 $19) 39. Nd3+ Kd6 40. Nxb4 Rb8 41. Nd3 Rb3 42. Ke2 Rc8 {[%emt 0:03:16][%cal Oc4e3] ...Nxe3! would now be deadly.} 43. Ra2 Na5 {[%emt 0:05:44] And now ...Rcc3 would win.} 44. Ra7 Rc6 45. Nf2 (45. f4 $17) 45... Rbc3 46. Nd1 (46. Nd3 $142) 46... Rc1 47. Kd2 $2 (47. e4) 47... Nb3+ 48. Ke1 f4 49. Rb2 Nc5 50. Kd2 {[%emt 0:01:39] Repels Nd3} (50. Ke2) 50... Nxa4 51. Rb3 R6c2+ {[%emt 0:00:59] Black mates.} 52. Ke1 Nb2 53. Rxa6+ Ke5 54. exf4+ gxf4 {[%emt 0:15:05] Weighted Error Value: White=0.51/Black=0.17 (very precise) .  Loses game:     	White=1     	---        Mistake:       	White=7     	Black=1      Inaccurate:     	White=4     	Black=4      OK:         	White=11    	Black=19     Best:        	White=1     	Black=5      Strong:       	White=1     	---} 0-1